 Dungeon Crawl Stone Soup version 0.28.0-47-ge53b351184 (webtiles) character file.

Game seed: 6336542506764128373

879 pkoi the Shield-Bearer (level 7, -7/60 HPs)
             Began as a Demigod Fighter on May 9, 2022.
             Mangled by an ogre
             ... wielding a +0 giant spiked club
              (10 damage)
             ... on level 5 of the Dungeon.
             The game lasted 00:07:53 (7879 turns).

pkoi the Shield-Bearer (Demigod Fighter)            Turns: 7879, Time: 00:07:54

Health: -7/60      AC: 14    Str: 12    XL:     7   Next: 46%
Magic:  9/9        EV:  5    Int: 18    God:
Gold:   206        SH:  5    Dex: 13    Spells: 5/6 levels left

rFire   . . .      SeeInvis +   a - +1 short sword (elec)
rCold   + . .      Faith    .   b - +0 buckler
rNeg    + . .      Spirit   .   j - +0 chain mail
rPois   .          Reflect  .   q - +0 helmet
rElec   +          Harm     .   i - +0 cloak
rCorr   .          Rampage  .   e - +1 pair of gloves
Will    +++..                   l - -1 pair of boots of Tyddeosk {rElec rC+ Will+++ Str-5}
Stlth   ..........              (no amulet)
HPRegen 0.20/turn               k - ring of positive energy
MPRegen 0.11/turn               p - ring of see invisible

@: no status effects
A: high MP 1, forlorn, divine attributes
a: no special abilities


You were on level 5 of the Dungeon.
You visited 1 branch of the dungeon, and saw 5 of its levels.
You also visited: Sewer.

You collected 206 gold pieces.

Inventory:

Hand Weapons
 a - a +1 short sword of electrocution (weapon)
 c - a +0 mace
 d - a +0 short sword of speed
 h - a +2 dagger of protection
Missiles
 g - 6 poisoned darts (quivered)
Armour
 b - a +0 buckler (worn)
 e - a +1 pair of gloves (worn)
 i - a +0 cloak (worn)
 j - a +0 chain mail (worn)
 l - the -1 pair of boots of Tyddeosk (worn) {rElec rC+ Will+++ Str-5}
   (You acquired it on level 4 of the Dungeon)

   Str:       It affects your strength (-5).
   rC:        It protects you from cold.
   rElec:     It insulates you from electricity.
   Will:      It greatly increases your willpower.
 o - the +1 robe "Wyenouc" {rCorr Int+3}
   (You found it on level 4 of the Dungeon)

   Int:       It affects your intelligence (+3).
   rCorr:     It protects you from acid and corrosion.
 q - a +0 helmet (worn)
Jewellery
 k - a ring of positive energy (left hand)
 p - a ring of see invisible (right hand)
Wands
 m - a wand of iceblast (4)
Scrolls
 f - a scroll of identify
 r - a scroll of magic mapping
Potions
 n - a potion of berserk rage
 t - a potion of curing


   Skills:
 + Level 4.7 Fighting
 + Level 4.7 Armour
 + Level 4.7 Shields
 * Level 4.5 Unarmed Combat


You had 5 spell levels left.
You knew the following spells:

 Your Spells              Type           Power      Damage    Failure   Level
a - Apportation           Tloc           0%         N/A       100%        1

Your spell library contained the following spells:

 Spells                   Type           Power      Damage    Failure   Level
 Alistair's Intoxication  Tmut/Pois      0%         N/A       100%        5


Dungeon Overview and Level Annotations

Branches:
Dungeon (5/15)              Sewer (visited)
 Temple: D:4-7

Shops:
D:1 =


Innate Abilities, Weirdness & Mutations

You have an increased reservoir of magic. (+10% MP)
You shall have no god before yourself.
Your divine heritage dramatically boosts your attributes as you level up.


Message History

An ogre comes into view. It is wielding a +0 giant spiked club.
The ogre shouts!
An ogre is nearby!
An ogre is nearby!
The ogre closely misses you.
You barely miss the ogre.
The ogre hits you with a +0 giant spiked club!!
* * * LOW HITPOINT WARNING * * *
You hit the ogre.
The ogre is lightly wounded.
You block the ogre's attack.
You barely miss the ogre.
The ogre is lightly wounded.
The ogre barely misses you.
You hit the ogre.
The ogre is moderately wounded.
You hit the ogre.
The ogre is moderately wounded.
The ogre hits you with a +0 giant spiked club!
* * * LOW HITPOINT WARNING * * *
Unknown command.
You hit the ogre.
The ogre is heavily wounded.
The ogre hits you with a +0 giant spiked club!!
* * * LOW HITPOINT WARNING * * *
You barely miss the ogre.
The ogre is heavily wounded.
The ogre hits you but does no damage.
Unknown command.
The ogre hits you with a +0 giant spiked club.
* * * LOW HITPOINT WARNING * * *
Okay, then.
Unknown command.
Aiming: Iceblast
Press: ? - help, Shift-Dir - straight line The mass of ice explodes!
The iceblast engulfs the ogre!
The ogre is almost dead.
You hear a shout!
The ogre hits you with a +0 giant spiked club!
You die...

##.[...)..##..#
..........#......
###.....#.###...##
#...##.### #.### ....#
#.# ####..... ..## ##.#
#.#.........
.#####..###..........#
.......O.##..........###
.......@..#............#
#..##.........# ........
........##....# #......
.......##...#####...###
###...##.......##<....##
######...##..#>......#
#.....#......#..##
##..###.....## ... ##.#
###...# .#


You could see an ogre.

Vanquished Creatures
  A water moccasin (Sewer)
  An ice beast (D:4)
  A black bear (D:4)
  An ogre (D:5)
  A water moccasin zombie (D:3)
  A jelly (D:5)
  2 orc priests (D:3)
  A centaur skeleton (D:5)
  Terence (D:3)
  Ijyb (D:4)
  Natasha (twice) (D:3)
  2 orc wizards
  A mummy (D:4)
  4 gnolls
  6 adders
  A worm (D:4)
  4 dart slugs
  7 orcs
  A ball python (D:4)
  10 bats
  5 endoplasms
  2 giant cockroaches
  5 goblins
  6 hobgoblins (D:1)
  2 jackals (D:4)
  4 quokkas
  4 frilled lizards
  A hobgoblin zombie (D:4)
  7 kobolds
  A kobold zombie (D:4)
  2 orc zombies (D:4)
  4 rats
92 creatures vanquished.

Vanquished Creatures (collateral kills)
  A ball python (D:2)
1 creature vanquished.

Grand Total: 93 creatures vanquished

Notes
Turn   | Place    | Note
-------+----------+-------------------------------------------
     0 | D:1      | pkoi the Demigod Fighter began the quest for the Orb.
     0 | D:1      | Reached XP level 1. HP: 18/18 MP: 3/3
   317 | D:1      | Reached XP level 2. HP: 16/25 MP: 4/4
   317 | D:1      | Found Onwemol's One-of-a-Kind Rings.
  1807 | D:1      | Reached XP level 3. HP: 24/31 MP: 5/5
  3878 | D:2      | Reached XP level 4. HP: 9/38 MP: 6/6
  4927 | D:3      | Reached XP level 5. HP: 41/45 MP: 7/7
  5004 | D:3      | Noticed Terence
  5695 | D:3      | Killed Terence
  6103 | D:4      | Reached XP level 6. HP: 52/52 MP: 8/8
  6107 | D:4      | Learned a level 1 spell: Apportation
  6120 | D:4      | Noticed Natasha
  6140 | D:3      | Killed Natasha
  6148 | D:3      | Noticed Natasha
  6164 | D:3      | Killed Natasha
  6191 | D:4      | Found a glowing drain.
  6224 | Sewer    | Entered a sewer
  6292 | Sewer    | Noticed a water moccasin
  6308 | Sewer    | Killed a water moccasin
  6357 | D:4      | Identified a scroll of acquirement
  6357 | D:4      | Acquired the -1 pair of boots of Tyddeosk {rElec rC+
                  | Will+++ Str-5}
  6412 | D:4      | Noticed Ijyb
  6425 | D:4      | Killed Ijyb
  6426 | D:4      | Reached XP level 7. HP: 50/60 MP: 9/9
  6580 | D:4      | Identified the +1 robe "Wyenouc" {rCorr Int+3}
  7363 | D:5      | Entered Level 5 of the Dungeon
  7865 | D:5      | HP: 2/60 [ogre/+0 giant spiked club (19)]
  7871 | D:5      | HP: 1/60 [ogre/+0 giant spiked club (2)]
  7879 | D:5      | Mangled by an ogre

Illustrated notes

Levels and vault maps discovered:
D:1:      kilobyte_arrival_exit_the_forest, layout_rooms, st_stairs_1,
          nicolae_shop_unique_rings
D:2:      layout_basic
D:3:      layout_basic, nzn_wu_jian_council_hall,
          hellmonk_ecumenical_altar_inner_sanctum, uniq_terence
D:4:      layout_cave_pools, trog_three_pillars_becter, portal_sewer_entry_a,
          minmay_mini_ossuary, uniq_ijyb, uniq_natasha
D:5:      layout_cave_pools, mainiacjoe_overflow_tiny_flanked,
          mainiacjoe_overflow_alcove_4, kennysheep_little_box, serial_shops,
          nicolae_shop_advertising_works [nicolae_subvault_shop_adworks]

Skill      XL: |  1  2  3  4  5  6  7 |
---------------+----------------------+-----
Unarmed Combat | 2 3 4 |  4.5
Fighting       | 3 4 |  4.7
Shields        | 3 4 |  4.7
Armour         | 3 4 |  4.7

Action                   |  1- 3 |  4- 6 |  7- 9 || total
-------------------------+-------+-------+-------++-------
Melee: Unarmed           |   198 |    94 |       ||   292
       Short sword       |       |   131 |    76 ||   207
Throw: Dart              |     1 |     1 |       ||     2
Evoke: Wand              |       |       |     1 ||     1
  Use: Potion            |     1 |     5 |       ||     6
       Scroll            |     6 |     2 |     2 ||    10
Armor: Scale mail        |    77 |       |       ||    77
       Chain mail        |    17 |   149 |    54 ||   220
Dodge: Dodged            |    87 |    65 |    20 ||   172
Block: Buckler           |    44 |    42 |    14 ||   100
